 Dungeon Crawl Stone Soup version 0.19-a0-805-g0a78ef0 (webtiles) character file.

183 FrankyJ the Shooter (level 5, -4/45 HPs)
             Began as a Centaur Hunter on June 26, 2016.
             Killed by divine providence
             ... invoked by an orc priest
              (13 damage)
             ... on level 3 of the Dungeon on June 27, 2016.
             The game lasted 00:16:48 (3410 turns).

FrankyJ the Shooter (Centaur Hunter)                Turns: 3410, Time: 00:16:48

Health: -4/45      AC:  6    Str: 14    XL:     5   Next: 35%
Magic:  5/5        EV:  9    Int: 10    God:
Gold:   48         SH:  0    Dex: 11    Spells: 0 memorised, 4 levels left

rFire  . . .     SeeInvis .     a - +1 shortbow
rCold  . . .     Gourm    .     c - +0 leather armour
rNeg   . . .     Faith    .     (shield currently unavailable)
rPois  .         Spirit   .     (no helmet)
rElec  .         Dismiss  .     (no cloak)
rCorr  .         Reflect  .     (no gloves)
SustAt .         Harm     .     (no barding)
MR     .....                    (no amulet)
Stlth  +.........               (no ring)
                                l - +2 ring of protection

@: drained, very quick, not resistant to hostile enchantments, very unstealthy
A: hooves 3, deformed body, speed 2, tough skin 3
a: no special abilities


You were on level 3 of the Dungeon.
You were not hungry.

You visited 1 branch of the dungeon, and saw 3 of its levels.

You collected 48 gold pieces.

Inventory:

Hand Weapons
 a - a +1 shortbow (weapon)
 k - a +3 dagger
 p - a +1 dagger of draining
 u - a +0 trident
Missiles
 d - 16 arrows (quivered)
 h - 15 poisoned needles
Armour
 c - a +0 leather armour (worn)
 v - a +0 scale mail
Jewellery
 l - a +2 ring of protection (left hand)
Scrolls
 j - 2 scrolls of enchant weapon {unknown}
 m - 3 scrolls of identify
 n - a scroll of immolation {unknown}
 r - a scroll of teleportation {unknown}
 s - a scroll of remove curse {unknown}
 t - a scroll of magic mapping {unknown}
Potions
 e - a potion of berserk rage {unknown}
 g - a potion of brilliance {unknown}
 o - a potion of agility {unknown}
 q - a potion of beneficial mutation {unknown}
Comestibles
 b - 4 chunks of flesh
 f - 2 bread rations
 i - a meat ration


   Skills:
 * Level 3.4(2.6) Fighting
 - Level 6.0(5.2) Bows
 + Level 1.6(0.9) Armour
 + Level 2.3(1.6) Dodging
 + Level 1.0(0.3) Stealth


You had 4 spell levels left.
You didn't know any spells.

Dungeon Overview and Level Annotations

Branches:
Dungeon (3/15)

Altars:
Ashenzari
Dithmenos
Makhleb
Xom


Innate Abilities, Weirdness & Mutations

You have hooves in place of feet.
Armour fits poorly on your strangely shaped body.
You cover ground very quickly.
You have extremely tough skin. (AC +3)


Message History

Press: ? - help, Shift-Dir - straight line, f/p - orc priest
Aim: an orc priest, wielding a hand axe and wearing a scale mail (heavily wounded)
You shoot an arrow. The arrow closely misses the hobgoblin.
The arrow hits the orc priest but does no damage.
The orc priest is heavily wounded.
The hobgoblin hits you.
Firing (i - inventory):
d - 17 arrows (quivered)
Press: ? - help, Shift-Dir - straight line, f/p - orc priest
Aim: an orc priest, wielding a hand axe and wearing a scale mail (heavily wounded)
You shoot an arrow.
The arrow completely misses the orc priest.
The hobgoblin hits you.
The orc priest hits you with a hand axe.
* * * LOW HITPOINT WARNING * * *
The hobgoblin hits you.
* * * LOW HITPOINT WARNING * * *
The orc wizard looks braver for a moment.
The orc priest calls down the wrath of Beogh upon you.
Beogh smites you!
You die...

# ###.(...(..## .# #..........##
##### ..### ###...[.......# #....
...# #######.........>...# #....
.##.###..go...##(.........# #....
§.......#######o..........###..<.
.#..o#########.go......)..#......
#.#..o.........)........÷##.#....
....o########..#@#........).....#
.##... #.##..#.......†.##### #
#.#(# ##.###...........# #.#.(
#................# #S##(o
..................# .. .#
#.....###....>....# #..###
#<........# #. #.........# .
..########.


You could see an orc priest, an orc wizard and a hobgoblin.

Vanquished Creatures
  7 gnolls (D:2)
  4 adders
  2 oozes
  2 worms (D:2)
  A dart slug (D:2)
  2 giant geckos (D:1)
  2 orcs (D:3)
  4 giant cockroaches
  8 goblins
  7 hobgoblins
  4 bats
  5 giant newts
  12 kobolds
  6 rats
66 creatures vanquished.

Notes
Turn   | Place    | Note
--------------------------------------------------------------
     0 | D:1      | FrankyJ the Centaur Hunter began the quest for the Orb.
     0 | D:1      | Reached XP level 1. HP: 17/17 MP: 1/1
   266 | D:1      | Reached XP level 2. HP: 24/24 MP: 2/2
   276 | D:1      | Upgraded the game from 0.19-a0-791-g6e182cc to 0.19-a0-805-g0a78ef0
   385 | D:1      | Reached skill level 6 in Bows
   827 | D:1      | Reached XP level 3. HP: 26/30 MP: 3/3
  1616 | D:2      | Reached skill level 1 in Armour
  1653 | D:2      | Reached XP level 4. HP: 16/37 MP: 4/4
  2239 | D:2      | Found a shattered altar of Ashenzari.
  2390 | D:2      | Reached XP level 5. HP: 45/45 MP: 5/5
  2406 | D:2      | Found a shimmering altar of Xom.
  2891 | D:2      | Reached skill level 1 in Stealth
  3309 | D:3      | Found a burning altar of Makhleb.
  3361 | D:3      | Found a shadowy altar of Dithmenos.
  3410 | D:3      | Killed from afar by an orc priest

Vault maps used:
D:1:      lemuel_arrival_behind_the_door_large
D:2:      lemuel_coloured_pillars_altar, evilmike_ruin_ashenzari, serial_bayou,
          serial_bayou_ford_a, serial_bayou_lagoon_a, serial_bayou_pond_a,
          serial_bayou_shore_b
D:3:      overflow_temple_1_default, grunt_dithmenos_smoke_and_mirrors

Skill      XL: |  1  2  3  4  5 |
---------------+----------------+-----
Bows           | 6 |  6.0
Armour         | 1 |  1.6
Fighting       | 3 |  3.4
Dodging        | 2 |  2.3
Stealth        | 1 |  1.0

Action                   |  1- 3 |  4- 6 || total
-------------------------+-------+-------++-------
Melee: Short sword       |    36 |       ||    36
       Dagger            |    52 |    83 ||   135
       Kick              |    13 |    16 ||    29
 Fire: Shortbow          |    51 |    47 ||    98
  Use: Scroll            |     1 |       ||     1
  Eat: Chunk             |     2 |     4 ||     6
Armor: Leather armour    |    27 |    39 ||    66
Dodge: Dodged            |    49 |    46 ||    95
